 Dungeon Crawl Stone Soup version 5.6-49-g8abd877 (webtiles) character file.

16089 skrealing the Spear-Bearer (level 14, -20/109 HPs)
             Began as a Merfolk Skald on Aug 1, 2018.
             Was the Champion of Dithmenos.
             Killed from afar by a fire giant (50 damage)
             ... with a fireball
             ... on level 15 of the Dungeon.
             The game lasted 00:55:14 (14087 turns).

skrealing the Spear-Bearer (Merfolk Skald)         Turns: 14087, Time: 00:55:14

Health: -20/109    AC: 20 (0%)Str: 15   XL:     14   Next: 31%
Magic:  7/10       EV: 20    Int: 18    God:    Dithmenos [6*[162]]
Gold:   336        SH:  6    Dex: 14    Spells: 7/25 levels left

rFire    . . .     SeeInvis +   M - +0 trident
rCold    + . .     Faith    .   b - staff of cold
rNeg     . . .     Spirit   .   C - +5 robe of Night {Dark MR+}
rPois    .         Reflect  +   k - +1 helmet
rElec    .                      w - +0 cloak
rCorr    .                      (no gloves)
MR       ++...                  S - +2 pair of boots
Stlth    +++++++++.             O - +6 amulet of reflection
Regen    0.8/turn               i - +6 ring of slaying
MPRegen  0.2/turn               Y - +5 ring of intelligence

@: regenerating, wreathed by umbra, spectral weapon, icy armour
A: change form in water, swift swim, stealthy swim
a: End Regeneration, End Ozocubu's Armour, End Spectral Weapon, Shadow Step,
Shadow Form, Renounce Religion


You were on level 15 of the Dungeon.
You worshipped Dithmenos.
Dithmenos was exalted by your worship.
You were not hungry.

You visited 2 branches of the dungeon, and saw 16 of its levels.
You visited the bazaar 2 times.

You collected 1058 gold pieces.
You spent 722 gold pieces at shops.

Inventory:

Hand Weapons
 f - a +0 glaive
 M - a +0 trident (weapon)
Missiles
 c - 152 tomahawks
 q - 73 javelins
 y - 149 poisoned darts (quivered)
 H - 14 frenzy darts
 Q - a tomahawk of dispersal
Armour
 j - a +1 ring mail of magic resistance
 k - a +1 helmet (worn)
 w - a +0 cloak (worn)
 x - a +1 robe of positive energy
 C - the +5 robe of Night (worn) {Dark MR+}
   (You found it on level 4 of the Dungeon)

   It affects your resistance to hostile enchantments.
 S - a +2 pair of boots (worn)
Magical Staves
 b - an uncursed staff of cold (worn)
Jewellery
 i - a +6 ring of slaying (left hand)
 t - an uncursed ring of positive energy
 u - an uncursed ring of wizardry
 K - an uncursed ring of fire
 O - a +6 amulet of reflection (around neck)
 R - an uncursed amulet of destruction
 W - a +5 ring of strength
 Y - a +5 ring of intelligence (right hand)
Wands
 a - a wand of acid (6)
 v - a wand of digging (15)
 D - a wand of slimification (12)
 N - a wand of flame (16)
 V - a wand of lightning (13)
 X - a wand of iceblast (14)
 Z - a wand of paralysis (18)
Scrolls
 d - 7 scrolls of enchant weapon
 e - 7 scrolls of blinking
 g - 7 scrolls of enchant armour
 l - 8 scrolls of teleportation
 o - a scroll of fog
 F - 2 scrolls of holy word
 G - 2 scrolls of amnesia
 I - a scroll of silence
 J - 2 scrolls of magic mapping
 P - a scroll of fear
 U - a scroll of summoning
Potions
 h - 2 potions of flight
 m - 4 potions of haste
 n - a potion of ambrosia
 p - a potion of berserk rage
 r - a potion of augmentation
 s - 5 potions of mutation
 A - 3 potions of resistance
 E - 2 potions of magic
 L - 6 potions of heal wounds
 T - a potion of lignification
Miscellaneous
 z - a disc of storms
 B - a fan of gales


   Skills:
 + Level 9.8 Fighting
 * Level 14.9 Polearms
 - Level 2.0 Armour
 - Level 12.0 Dodging
 - Level 10.0 Stealth
 - Level 10.0 Charms
 - Level 8.0 Summonings
 - Level 4.0 Necromancy
 + Level 2.5 Translocations
 - Level 2.0 Transmutations
 - Level 6.0 Ice Magic
 - Level 2.0 Earth Magic
 - Level 7.0 Evocations


You had 7 spell levels left.
You knew the following spells:

 Your Spells              Type           Power        Failure   Level  Hunger
a - Infusion              Chrm           25 (25)      1%          1    N/A
b - Regeneration          Chrm/Necr      25 (200)     3%          3    N/A
c - Spectral Weapon       Chrm/Summ      32 (100)     16%         5    N/A
d - Ozocubu's Armour      Chrm/Ice       43 (100)     9%          4    N/A
e - Summon Butterflies    Summ           29 (100)     1%          1    N/A
f - Blink                 Tloc           N/A          12%         2    N/A
g - Passwall              Tmut/Erth      7 (200)      14%         2    N/A

Your spell library contained the following spells:

 Spells                   Type           Power        Failure   Level  Hunger
 Cause Fear               Hex            0 (200)      91%         4    N/A
 Magic Dart               Air            0 (25)       22%         1    N/A
 Conjure Flame            Fire/Air       0 (100)      54%         3    N/A
 Slow                     Hex            0 (100)      32%         2    N/A
 Confuse                  Hex            0 (100)      54%         3    N/A
 Olgreb's Toxic Radiance  Hex            0 (100)      99%         5    N/A
 Fire Storm               Fire           0 (200)      100%        9    N/A
 Freeze                   Ice            25 (25)      1%          1    N/A
 Ozocubu's Refrigeration  Ice            32 (200)     100%        7    N/A
 Summon Ice Beast         Ice/Summ       38 (100)     12%         4    N/A
 Sublimation of Blood     Necr           14 (200)     6%          2    N/A
 Tukima's Dance           Hex            0 (100)      54%         3    N/A
 Summon Demon             Summ           29 (200)     22%         5    N/A
 Recall                   Summ/Tloc      N/A          8%          3    N/A
 Throw Icicle             Ice            32 (100)     19%         4    N/A
 Shadow Creatures         Summ           N/A          77%         6    N/A
 Call Canine Familiar     Summ           29 (100)     2%          3    N/A
 Ensorcelled Hibernation  Hex/Ice        16 (50)      10%         2    N/A
 Metabolic Englaciation   Hex/Ice        16 (200)     87%         5    N/A
 Corona                   Hex            0 (90)       22%         1    N/A
 Chain Lightning          Air            0 (200)      100%        8    N/A
 Portal Projectile        Hex/Tloc       4 (50)       36%         3    N/A
 Orb of Destruction       Erth           7 (200)      100%        7    N/A
 Leda's Liquefaction      Hex/Erth       3 (200)      82%         4    N/A
 Summon Hydra             Summ           29 (200)     100%        7    N/A
 Aura of Abjuration       Summ           29 (200)     22%         5    N/A
 Dazzling Spray           Hex/Fire       0 (50)       54%         3    N/A
 Song of Slaying          Chrm           36 (100)     1%          2    N/A
 Summon Forest            Summ/Tloc      19 (200)     56%         5    N/A
 Summon Mana Viper        Hex/Summ       14 (100)     75%         5    N/A
 Hydra Form               Tmut           7 (200)      100%        6    N/A

Dungeon Overview and Level Annotations

Branches:
Dungeon (15/15)               Orc (0/2) D:15         Depths (0/3) D:15
 Bazaar (1/1)
 Vaults: D:15

Altars:
Cheibriados
Dithmenos
Elyvilon
Gozag
Jiyva
Kikubaaqudgha
Lugonu
Makhleb
Nemelex Xobeh
Okawaru
Qazlal
Ru
Sif Muna
Trog
Uskayaw
Vehumet
Wu Jian
Xom
Yredelemnul
Zin
The Shining One

Shops:
Bazaar [?[:(!*!:(

Annotations:
D:4 2 runed doors
D:7 Joseph
D:14 Agnes, Rupert
D:15 exclusion: 5 sensed monsters (detected)


Message History

You hit the fire giant (2).
The fire giant is almost dead.
Your spectral weapon completely misses the fire giant.
You hit the fire giant but do no damage.
The fire giant is almost dead.
Your spectral weapon barely misses the fire giant.
The fire giant points at you and mumbles some strange words.
The bolt of fire hits you!
That hurt (27)!
* * * LOW HITPOINT WARNING * * *
You feel much better. The fire giant barely misses you.
You hit the fire giant (5).
The fire giant is almost dead.
Your shadow hits the fire giant but does no damage.
Your spectral weapon hits the fire giant but does no damage.
You hit the fire giant but do no damage.
The fire giant is almost dead.
Your spectral weapon hits the fire giant (7)!
The fire giant gestures at you while chanting.
The fireball explodes!
The fireball engulfs you!
That hurt (50)!
You die... ).# #... ..... .## .. { ##### .# {{{{

## { {....§§#§≈. #
{≈u#§§§≈≈#. # {{
.u≈≈§.§§§§≈...# {
.≈≈§§§§.≈§≈...# .....
.....#§§(C§.≈§≈..#
##..........≈≈§§@§§≈.≈..#
#............≈§§§§§≈≈≈..#
#...........§§#≈§≈§≈#.≈.#
#..............≈≈#≈§....#
..............≈.≈.≈.≈..##
....................§.##
.............####.#####
...........### #.#
.###........#####.#


You could see a fire giant and a friendly spectral trident.

Vanquished Creatures
  5 hydras
  3 centaur warriors
  An ogre mage (D:14)
  6 death yaks (D:11)
  3 orc high priests
  3 two-headed ogres
  Urug (D:15)
  2 unseen horrors
  A wizard (D:15)
  An orc knight (D:15)
  3 deep elf magi
  3 cyclopes
  9 ugly things
  An orc sorcerer (D:12)
  A manticore (D:13)
  3 spiny frogs
  2 torpor snails
  2 rime drakes
  An efreet (D:14)
  A tengu conjurer (D:13)
  6 trolls
  A polar bear (shapeshifter) (D:14)
  Grinder (D:6)
  A hornet zombie (D:15)
  6 blink frogs
  Prince Ribbit (D:8)
  6 slime creatures
  2 black mamba zombies
  Sigmund (D:4)
  17 yaks
  3 shadows
  3 wraiths
  9 wyverns
  An angry ghost (D:9)
  Grum (D:8)
  Edmund (D:6)
  Menkaure (D:6)
  2 water moccasins
  2 acid dragons
  5 ice beasts
  A phantom (shapeshifter) (D:15)
  A spiny frog skeleton (D:10)
  2 black bears
  A phantom (D:5)
  3 wolves (D:8)
  3 wasps
  15 orc warriors
  11 ogres
  5 centaurs
  2 blink frog skeletons
  6 big kobolds (D:15)
  A gnoll sergeant (D:15)
  2 wyvern zombies
  2 scorpions
  5 crimson imps
  17 killer bees
  5 wights (D:7)
  4 howler monkeys
  2 quasits
  5 centaur zombies
  9 jellies
  A gnoll shaman (D:5)
  4 orc priests
  7 orc wizards
  7 centaur skeletons
  6 worker ants
  5 iguanas
  4 hound skeletons
  Samantha (D:2)
  A howler monkey zombie (D:5)
  10 gnolls
  7 adders
  An ooze (D:5)
  4 dart slugs
  27 orcs
  7 quokkas
  A ball python (D:1)
  3 giant cockroaches
  9 goblins
  13 hobgoblins
  11 jackals
  7 kobolds
  6 bats
  6 frilled lizards
  A jackal skeleton (D:5)
  9 rats
382 creatures vanquished.

Vanquished Creatures (others)
  A cyclops (D:13)
  An orc warrior (D:9)
  A goblin (D:2)
  16 spectral weapons
19 creatures vanquished.

Grand Total: 401 creatures vanquished

Notes
Turn   | Place    | Note
-------+----------+-------------------------------------------
     0 | D:1      | skrealing the Merfolk Skald began the quest for the Orb.
     0 | D:1      | Reached XP level 1. HP: 16/16 MP: 2/2
   531 | D:1      | Reached XP level 2. HP: 22/22 MP: 0/2
   564 | D:1      | Reached skill level 4 in Polearms
  1022 | D:1      | Reached XP level 3. HP: 27/27 MP: 0/4
  1170 | D:2      | Found a snail-covered altar of Cheibriados.
  1240 | D:2      | Found an iron altar of Okawaru.
  1333 | D:2      | Noticed Samantha
  1369 | D:2      | Found a glowing golden altar of the Shining One.
  1760 | D:2      | Reached skill level 1 in Armour
  1760 | D:2      | Reached XP level 4. HP: 32/33 MP: 2/5
  1830 | D:2      | Reached skill level 5 in Polearms
  1921 | D:2      | Reached XP level 5. HP: 35/38 MP: 0/7
  1925 | D:2      | Killed Samantha
  1956 | D:2      | Found a faded altar of an unknown god.
  2272 | D:3      | Found an ornate altar of the Wu Jian Council.
  2272 | D:3      | Found a basalt altar of Yredelemnul.
  2319 | D:3      | Reached skill level 6 in Polearms
  2320 | D:3      | Found a radiant altar of Vehumet.
  2605 | D:3      | Found a shimmering altar of Xom.
  2608 | D:3      | Found an ancient bone altar of Kikubaaqudgha.
  2611 | D:3      | Found a stormy altar of Qazlal.
  3134 | D:4      | Reached XP level 6. HP: 42/44 MP: 4/8
  3214 | D:4      | Reached skill level 7 in Polearms
  3216 | D:4      | Found a sparkling altar of Nemelex Xobeh.
  3233 | D:4      | Found a shadowy altar of Dithmenos.
  3277 | D:4      | Learned a level 3 spell: Regeneration
  3300 | D:4      | Became a worshipper of Dithmenos the Shadowed
  3318 | D:4      | Found a large runed door.
  3322 | D:4      | Found a large runed door.
  3327 | D:4      | Learned a level 5 spell: Spectral Weapon
  3344 | D:4      | Found a large runed door.
  3344 | D:4      | Found a large runed door.
  3355 | D:4      | Reached skill level 5 in Dodging
  3386 | D:4      | Reached skill level 8 in Polearms
  3386 | D:4      | Reached XP level 7. HP: 50/50 MP: 2/4
  3676 | D:4      | Noticed Sigmund
  3691 | D:4      | Killed Sigmund
  3691 | D:4      | Reached skill level 1 in Stealth
  3725 | D:4      | Reached skill level 9 in Polearms
  3761 | D:4      | Found a hide-covered altar of Uskayaw.
  3761 | D:4      | Found a glowing golden altar of the Shining One.
  4004 | D:5      | Entered Level 5 of the Dungeon
  4037 | D:5      | Reached * piety under Dithmenos
  4141 | D:5      | Reached skill level 1 in Evocations
  4141 | D:5      | Reached XP level 8. HP: 56/56 MP: 4/7
  4174 | D:5      | Found a corrupted altar of Lugonu.
  4238 | D:5      | Reached skill level 10 in Polearms
  4705 | D:5      | Learned a level 4 spell: Ozocubu's Armour
  4785 | D:6      | Reached skill level 1 in Ice Magic
  4830 | D:6      | Found an opulent altar of Gozag.
  4835 | D:6      | Reached skill level 11 in Polearms
  4835 | D:6      | Reached skill level 1 in Necromancy
  4854 | D:6      | Found a burning altar of Makhleb.
  4870 | D:6      | Reached XP level 9. HP: 56/61 MP: 1/10
  4949 | D:6      | Reached skill level 5 in Charms
  4974 | D:6      | Reached ** piety under Dithmenos
  5021 | D:6      | Found a sacrificial altar of Ru.
  5057 | D:6      | Noticed Menkaure
  5065 | D:6      | Killed Menkaure
  5092 | D:6      | Noticed Edmund
  5114 | D:6      | Killed Edmund
  5173 | D:6      | Found a bloodstained altar of Trog.
  5195 | D:6      | Found a glowing silver altar of Zin.
  5229 | D:6      | Noticed Grinder
  5250 | D:6      | Killed Grinder
  5250 | D:6      | Reached skill level 12 in Polearms
  5576 | D:7      | Found a white marble altar of Elyvilon.
  5591 | D:7      | Reached skill level 1 in Summonings
  5658 | D:7      | Found a viscous altar of Jiyva.
  5809 | D:7      | Noticed Joseph
  5985 | D:7      | Found a deep blue altar of Sif Muna.
  6317 | D:8      | Noticed Prince Ribbit
  6333 | D:8      | Killed Prince Ribbit
  6369 | D:8      | Noticed Grum
  6391 | D:8      | Reached XP level 10. HP: 62/67 MP: 2/6
  6659 | D:8      | Killed Grum
  6659 | D:8      | Reached skill level 13 in Polearms
  7022 | D:9      | Reached *** piety under Dithmenos
  7237 | D:9      | Reached skill level 5 in Ice Magic
  7241 | D:9      | Reached skill level 14 in Polearms
  7674 | D:10     | Entered Level 10 of the Dungeon
  7711 | D:10     | Reached XP level 11. HP: 75/75 MP: 2/9
  7724 | D:10     | Reached skill level 5 in Summonings
  7753 | D:10     | Reached **** piety under Dithmenos
  7762 | D:10     | Found a bloodstained altar of Trog.
  7768 | D:10     | Found an opulent altar of Gozag.
  7988 | D:10     | Learned a level 1 spell: Summon Butterflies
  8597 | D:11     | Reached skill level 5 in Fighting
  8752 | D:11     | Noticed a death yak
  8826 | D:11     | Noticed a white ugly thing
  8840 | D:11     | Killed a white ugly thing
  8848 | D:11     | Noticed a seven-headed hydra
  8880 | D:11     | Killed a seven-headed hydra
  9085 | D:11     | Found a gateway to a bazaar.
  9086 | D:11     | Noticed a two-headed ogre
  9091 | D:11     | Killed a two-headed ogre
  9257 | D:11     | Noticed a death yak
  9257 | D:11     | Noticed a death yak
  9281 | D:11     | Killed a death yak
  9283 | D:11     | Noticed a death yak
  9283 | D:11     | Noticed a death yak
  9319 | Bazaar   | Entered a bazaar
  9319 | Bazaar   | Found Nupsiss's Book Emporium.
  9319 | Bazaar   | Found Azaghoudu's Armour Shop.
  9321 | Bazaar   | Found Udi Mus's Magic Scroll Shoppe.
  9334 | Bazaar   | Found Sereryuk's Antique Armour Shop.
  9350 | Bazaar   | Found Vugifie's Distillery.
  9351 | Bazaar   | Found Nebiwnam's General Store.
  9358 | Bazaar   | Found Ocivet's Weapon Shoppe.
  9368 | Bazaar   | Found Dycwogoe's Distillery.
  9388 | Bazaar   | Bought a +2 pair of boots for 247 gold pieces
  9400 | Bazaar   | Bought a potion of heal wounds for 75 gold pieces
  9452 | D:11     | Killed an unseen horror
  9452 | D:11     | Reached skill level 5 in Stealth
  9452 | D:11     | Reached XP level 12. HP: 89/89 MP: 0/3
  9467 | D:11     | Noticed a death yak
  9518 | D:11     | Killed a death yak
  9518 | D:11     | Reached skill level 5 in Evocations
  9543 | D:11     | Killed a death yak
  9573 | D:11     | Killed a death yak
  9580 | D:11     | Killed a death yak
  9589 | D:11     | Killed a death yak
  9616 | D:12     | Reached skill level 10 in Dodging
  9761 | D:12     | Noticed an orc high priest
  9821 | D:12     | Reached ***** piety under Dithmenos
 10495 | D:12     | Noticed an orc high priest
 10504 | D:12     | Killed an orc high priest
 10556 | D:12     | Noticed a two-headed ogre
 10583 | D:12     | Killed an orc high priest
 10908 | D:13     | Reached XP level 13. HP: 99/99 MP: 3/5
 11977 | D:14     | Reached skill level 10 in Stealth
 12081 | D:14     | Found a gateway to a bazaar.
 12278 | D:14     | Noticed Agnes
 12435 | D:14     | Reached skill level 10 in Charms
 12675 | D:14     | Noticed Rupert
 12957 | Bazaar   | Bought a book of Minor Magic for 400 gold pieces
 12958 | Bazaar   | Learned a level 2 spell: Blink
 12959 | Bazaar   | Learned a level 2 spell: Passwall
 13001 | D:15     | Entered Level 15 of the Dungeon
 13076 | D:15     | Reached skill level 1 in Transmutations
 13086 | D:15     | Reached skill level 1 in Translocations
 13086 | D:15     | Reached skill level 1 in Earth Magic
 13101 | D:15     | Found a staircase to the Orcish Mines.
 13115 | D:15     | Reached XP level 14. HP: 91/108 MP: 10/10
 13151 | D:15     | Reached ****** piety under Dithmenos
 13247 | D:15     | Found a staircase to the Depths.
 13247 | D:15     | Noticed a fire giant
 13753 | D:15     | Noticed Urug
 13767 | D:15     | Killed Urug
 14087 | D:15     | Killed from afar by a fire giant

Skill      XL: |  1  2  3  4  5  6  7  8  9 10 11 12 13 14 |
---------------+-------------------------------------------+-----
Dodging        | 2 3 4 5 6 7 8 11 12 | 12.0
Polearms       | 4 5 6 8 9 11 12 14 | 14.9
Armour         | 1 2 |  2.0
Stealth        | 2 5 9 10 | 10.0
Evocations     | 1 3 4 5 7 |  7.0
Ice Magic      | 1 3 5 6 |  6.0
Necromancy     | 1 3 4 |  4.0
Charms         | 6 7 9 10 | 10.0
Summonings     | 2 4 6 8 |  8.0
Fighting       | 3 6 8 9 |  9.8
Transmutations | 1 2 |  2.0
Translocations | 1 2 |  2.5
Earth Magic    | 1 2 |  2.0

Action                   |  1- 3 |  4- 6 |  7- 9 | 10-12 | 13-15 || total
-------------------------+-------+-------+-------+-------+-------++-------
Melee: Spear             |   143 |   106 |   221 |       |       ||   470
       Trident           |       |       |    90 |   524 |   482 ||  1096
Throw: Poisoned dart     |       |       |     6 |    21 |     4 ||    31
       Javelin           |       |       |     1 |     2 |       ||     3
 Cast: Infusion          |     1 |       |       |       |       ||     1
       Regeneration      |       |     1 |       |       |     1 ||     2
       Ozocubu's Armour  |       |       |     1 |       |     1 ||     2
       Spectral Weapon   |       |       |       |     1 |     1 ||     2
       Summon Butterflie |       |       |       |       |     3 ||     3
Invok: Shadow Step       |       |       |       |       |     1 ||     1
Evoke: Wand              |       |       |       |     5 |       ||     5
       Fan of gales      |       |       |       |     1 |       ||     1
  Use: Scroll            |     1 |       |       |     1 |       ||     2
       Potion            |       |       |       |       |     2 ||     2
 Stab: Sleeping          |     1 |       |     9 |    23 |    31 ||    64
       Distracted        |       |       |     3 |     6 |     7 ||    16
Armor: Leather armour    |    25 |     1 |       |       |       ||    26
       Ring mail         |       |    10 |     3 |       |       ||    13
       Robe              |       |       |    32 |    46 |    30 ||   108
Dodge: Dodged            |    52 |    28 |    89 |   142 |   156 ||   467
Block: Other             |       |       |       |    47 |    20 ||    67
       Reflection        |       |       |       |     3 |     4 ||     7
       Scale mail        |       |       |       |       |    34 ||    34
